cohdb
Replays
Latest Replays
All Replays
Popular Replays
Top Player Replays
Match Explorer
How It Works
Community
CoH3 Stats
Reddit
Sign in to upload your games and track your stats! →
Sign in with Steam
Match 42326265
Unlisted
Match 42326265
Overview
Messages
Build Orders
End
Vickers Machine Gun Team
Construct Section Command Post
Selects Air and Sea Battlegroup
Infantry Section
ML 3-inch Mortar Team
Infantry Section
Selects Supply Surplus
Construct Field Infirmary
Construct Platoon Command Post
Unlock M3 Stuart Light Tanks
M3 Stuart Light Tank
6-pounder Anti-tank Gun Team
M3 Stuart Light Tank
Grenade Package
Infantry Section
Construct Resource Cache
Construct Company Command Post
Selects UNKNOWN (223837)
Matilda II Heavy Tank
Selects Naval Bombardment
6-pounder Anti-tank Gun Team
Naval Bombardment
CMP 15cwt Truck
Matilda II Heavy Tank
Construct Resource Cache
Centaur IV Medium Tank
Selects Commando Section Paradrop
Selects Commando Support Section Paradrop
Construct Resource Cache
Matilda II Heavy Tank
Naval Bombardment
Crusader II Medium Tank
6-pounder Anti-tank Gun Team
Selects Incendiary Bombing Run
Incendiary Bombing Run
Matilda II Heavy Tank
Construct Resource Cache
Incendiary Bombing Run
Matilda II Heavy Tank
ItsBrettos
vonAJ
Edellyth
Молочник Кубани
Rob31
鬼火骚年
matthias-sto
Toshiba Koludo
0
0
Comments
sign in to comment!
No comments posted yet!